 Dungeon Crawl Stone Soup version 0.15.2-1-g79e6ab2eea (webtiles) character file.

6636 MisterOstroum the Grappler (level 10, -6/83 HPs)
             Began as a Mummy Monk on Sept 4, 2020.
             Killed from afar by Nergalle (27 damage)
             ... with a wand of fire
             ... on Level 10 of the Dungeon on Oct 14, 2020.
             The game lasted 01:14:51 (39428 turns).

MisterOstroum the Grappler (Mummy Monk)            Turns: 39428, Time: 01:14:51

HP  -6/83        AC  6     Str 17      XL: 10   Next: 72%
MP  19/19        EV 15     Int  9      God:
Gold 393         SH  0     Dex 14      Spells:  0 memorised,  9 levels left

rFire  x . .     SeeInvis .       - Unarmed
rCold  + . .     Clarity  .     (no armour)
rNeg   + + +     rCorr    .     (no shield)
rPois  +         rRot     +     d - +0 helmet
rElec  .         Spirit   .     c - +0 cloak
SustAb .         Warding  .     k - +2 pair of gloves
rMut   .         Stasis   .     b - +0 pair of boots
Gourm  .                        (no amulet)
MR     +....                    (no ring)
                                m - cursed ring of magical power

@: somewhat resistant to hostile enchantments, unstealthy
A: no food or potions, fire vulnerability, restore body, cold resistance 1,
negative energy resistance 3, poison resistance, torment resistance, unbreathing
a: no special abilities


You were on level 10 of the Dungeon.
You were not hungry.

You visited 1 branch of the dungeon, and saw 10 of its levels.

You collected 393 gold pieces.

Inventory:

Hand weapons
 s - a +0 whip of electrocution (quivered)
Missiles
 f - 21 arrows
 r - a throwing net {!f}
Armour
 b - a +0 pair of boots (worn)
 c - a +0 cloak (worn)
 d - a +0 helmet (worn)
 k - a +2 pair of gloves (worn)
 n - a +0 shield
Scrolls
 a - 3 scrolls of teleportation {@r3 !r}
 e - 3 scrolls of fog {!r}
 g - a scroll of noise
 h - 2 scrolls of fear {!r}
 i - 2 scrolls of random uselessness
 j - 4 scrolls of vulnerability
 l - 3 scrolls of remove curse {@r2}
 o - 4 scrolls of immolation
 p - 3 scrolls of blinking {@r4}
 q - 2 scrolls of identify {@r1}
 t - a scroll of enchant armour {unknown}
 u - a scroll of brand weapon {unknown}
Jewellery
 m - a cursed ring of magical power (left hand)


   Skills:
 + Level 9.6 Fighting
 * Level 6.0 Dodging
 - Level 1.5 Stealth
 + Level 10.6 Unarmed Combat


You had 9 spell levels left.
You didn't know any spells.

Dungeon Overview and Level Annotations

Branches:
Dungeon (10/15)              Lair (0/8) D:9
 Temple: D:4-7          Orc: D:9-12

Altars:
Cheibriados
Dithmenos
Elyvilon
Kikubaaqudgha
Okawaru
Zin
The Shining One

Shops:
D:8 =

Annotations:
D:4 exclusion: ogre
D:5 1 exclusion
D:7 exclusion: centaur, Crazy Yiuf, Joseph
D:10 exclusion: wyvern, Nergalle


Innate Abilities, Weirdness & Mutations

You do not eat or drink.
Your flesh is vulnerable to fire.
Your flesh is cold resistant.
You are immune to negative energy.
Your system is resistant to poisons.
You are immune to unholy pain and torment.
You can survive without breathing.


Message History

The yak bellows!
The yak moves out of view.
You punch the yak!
The yak is lightly wounded.
The yak gores you.
A yak comes into view.
You punch the giant spore!
The giant spore explodes!
The explosion of spores engulfs you!
The yak appears confused.
The explosion of spores engulfs the yak.
A fungus suddenly grows.
An active ballistomycete comes into view.
You hit the yak but do no damage.
The yak is almost dead.
The yak gores you.
You hit the yak.
You kill the yak!
A yak comes into view.
Unknown command.
There is a stone staircase leading up here.
There are no items here.
The yak barely misses you.
You climb upwards.
There is a stone staircase leading down here.
You hit the yak. Your punch misses the yak.
The yak is lightly wounded.
The yak gores you.
You punch the yak!
The yak is heavily wounded.
You closely miss the yak.
The yak is heavily wounded.
The yak gores you!
You barely miss the yak.
The yak is heavily wounded.
The yak gores you.
You punch the yak!
The yak is almost dead.
The yak completely misses you.
You hit the yak but do no damage. You punch the yak.
The yak is almost dead.
The yak barely misses you.
You hit the yak but do no damage.
The yak is almost dead.
You barely miss the yak.
The yak is almost dead.
The yak gores you.
You hit the yak but do no damage.
The yak is almost dead.
The yak gores you but does no damage.
You punch the yak!
You kill the yak!
Your Dodging skill increases to level 6!
There is a stone staircase leading down here.
There is a stone staircase leading down here.
You start resting.
You start resting.
HP restored.
You climb downwards.
Level annotation: exclusion: wyvern A giant spore comes into view.
Found 20 stones and a dagger.
There is a stone staircase leading up here.
A phantom comes into view.
The giant spore waves its rhizomes.
Found a scroll labeled LYONYE FRIBLUST.
A ballistomycete grows in the wake of the giant spore.
You closely miss the giant spore.
The giant spore explodes!
The explosion of spores engulfs you!
The explosion of spores engulfs the ballistomycete.
The explosion of spores engulfs the phantom.
You hear a shout!
You hit the phantom.
The phantom is severely damaged.
The phantom hits you but does no damage.
You hit the phantom but do no damage. Your punch misses the phantom.
The phantom is severely damaged.
The phantom hits you.
You hit the phantom but do no damage.
The phantom is severely damaged.
Press: ? - help, v - describe, . - travel The floor, covered with mold.
Unknown command.
You completely miss the phantom.
The phantom is severely damaged.
The phantom closely misses you.
You barely miss the phantom.
The phantom is severely damaged.
The phantom hits you!
You closely miss the phantom.
The phantom is severely damaged.
The phantom misses you.
You punch the phantom!
You destroy the phantom!
An ogre and Nergalle come into view.
Nergalle shouts!
Nergalle zaps a wand.
The bolt of fire hits you! The fire burns you terribly!
* * * LOW HITPOINT WARNING * * *
Nergalle zaps a wand.
The bolt of fire hits you! The fire burns you terribly!
You die...

#.. #.# #.#
##.# ##..#
.o.## . #..##
...
#...####....
#@...........
#..(.P.......
##.....).....
#....####...
.....## .#
..O....#
......#
....?..#
......#


You could see Nergalle and an active ballistomycete.

Vanquished Creatures
  Pikel (D:6)
  2 trolls (D:9)
  A hydra skeleton (D:9)
  7 yaks
  A deep elf mage (D:8)
  A hippogriff (D:6)
  A hungry ghost (D:9)
  A steam dragon (D:9)
  A water moccasin (D:6)
  2 sky beasts
  A phantom (D:10)
  4 slaves
  2 orc warriors (D:8)
  A black bear (D:9)
  A necrophage (D:9)
  2 ice beasts
  4 ogres
  Sigmund (D:6)
  Duvessa (D:5)
  7 centaurs
  A crocodile (D:7)
  2 giant frogs
  A gnoll sergeant (D:9)
  2 scorpions
  A vampire bat (D:9)
  2 goliath beetles (D:9)
  A centaur zombie (D:5)
  Dowan (D:5)
  2 crimson imps
  A giant frog zombie (D:8)
  5 jellies
  An orc priest (D:6)
  5 hounds
  A gnoll shaman (D:5)
  A centaur skeleton (D:9)
  A giant frog skeleton (D:9)
  2 iguanas
  8 orc wizards
  5 worker ants
  A crocodile zombie (D:8)
  An ogre skeleton (D:5)
  A mummy (D:8)
  A hound skeleton (D:10)
  A worker ant zombie (D:7)
  17 adders
  13 gnolls
  3 orc skeletons (D:4)
  2 giant mites
  2 shadow imps (D:9)
  5 worms
  3 adder zombies
  An iguana zombie (D:9)
  2 orc zombies
  An iguana skeleton (D:4)
  11 giant geckos
  3 oozes
  34 orcs
  2 ball pythons
  5 bat skeletons (D:9)
  A bat zombie (D:9)
  4 giant cockroaches
  18 goblins
  23 hobgoblins
  25 kobolds
  5 quokkas
  20 bats
  13 giant newts
  2 giant spores
  11 jackals
  A quokka zombie (D:6)
  24 rats
  A rat skeleton (D:4)
  2 ballistomycetes (D:7)
344 creatures vanquished.

Vanquished Creatures (others)
  A crimson imp (D:7)
  A ball python (D:6)
  A giant spore (D:10)
3 creatures vanquished.

Grand Total: 347 creatures vanquished

Notes
Turn   | Place    | Note
--------------------------------------------------------------
     0 | D:1      | MisterOstroum, the Mummy Monk, began the quest for the Orb.
     0 | D:1      | Reached XP level 1. HP: 18/18 MP: 1/1
   588 | D:1      | Reached XP level 2. HP: 20/24 MP: 2/2
   901 | D:1      | Reached skill level 4 in Unarmed Combat
  1943 | D:1      | Reached XP level 3. HP: 29/29 MP: 3/3
  4039 | D:2      | Reached XP level 4. HP: 15/35 MP: 4/4
  5259 | D:2      | Reached skill level 5 in Unarmed Combat
  8063 | D:3      | Reached XP level 5. HP: 41/41 MP: 5/5
 10390 | D:4      | Reached skill level 5 in Fighting
 10446 | D:3      | Reached XP level 6. HP: 42/51 MP: 6/6
 11558 | D:4      | Noticed an ogre
 11598 | D:5      | Entered Level 5 of the Dungeon
 15598 | D:4      | Noticed a freezing wraith
 17821 | D:3      | Reached XP level 7. HP: 53/56 MP: 7/7
 19043 | D:5      | Noticed Duvessa
 19071 | D:5      | Noticed Dowan
 19192 | D:5      | Reached skill level 6 in Unarmed Combat
 20047 | D:6      | Noticed Sigmund
 20341 | D:5      | Killed Duvessa
 20817 | D:6      | Reached skill level 7 in Unarmed Combat
 20932 | D:6      | Reached XP level 8. HP: 64/64 MP: 8/8
 21011 | D:6      | Killed Sigmund
 21312 | D:5      | Killed Dowan
 22049 | D:7      | Found a shadowy altar of Dithmenos.
 22095 | D:7      | Reached skill level 8 in Unarmed Combat
 22760 | D:7      | Noticed Pikel
 23427 | D:7      | Noticed Crazy Yiuf
 23435 | D:7      | Noticed Joseph
 25807 | D:5      | Reached XP level 9. HP: 55/72 MP: 9/9
 26384 | D:5      | Noticed a fire giant
 26562 | D:6      | Killed Pikel
 26562 | D:6      | Reached skill level 9 in Unarmed Combat
 27883 | D:8      | Found Oximnot's Jewellery Shoppe.
 28108 | D:5      | Noticed a sphinx
 30005 | D:8      | Reached skill level 10 in Unarmed Combat
 31169 | D:8      | Found Oximnot's Jewellery Shoppe.
 31656 | D:8      | Found Oximnot's Jewellery Shoppe.
 32505 | D:8      | Found Oximnot's Jewellery Shoppe.
 33104 | D:8      | Found Oximnot's Jewellery Shoppe.
 33642 | D:8      | Found Oximnot's Jewellery Shoppe.
 33865 | D:8      | Reached XP level 10. HP: 82/82 MP: 10/10
 34279 | D:9      | Found a snail-covered altar of Cheibriados.
 34456 | D:9      | Found an iron altar of Okawaru.
 34509 | D:9      | Found a staircase to the Lair.
 34562 | D:9      | Found an ancient bone altar of Kikubaaqudgha.
 36218 | D:9      | Found a white marble altar of Elyvilon.
 36218 | D:9      | Found a glowing golden altar of the Shining One.
 36218 | D:9      | Found a glowing silver altar of Zin.
 36275 | D:9      | Found an iron altar of Okawaru.
 36717 | D:9      | Found a snail-covered altar of Cheibriados.
 36970 | D:9      | Reached skill level 5 in Dodging
 37565 | D:9      | Found a white marble altar of Elyvilon.
 37565 | D:9      | Found a glowing golden altar of the Shining One.
 37569 | D:9      | Found a glowing silver altar of Zin.
 37606 | D:9      | Found a staircase to the Lair.
 37619 | D:9      | Found an ancient bone altar of Kikubaaqudgha.
 37712 | D:9      | Found an iron altar of Okawaru.
 37770 | D:9      | Found a snail-covered altar of Cheibriados.
 38309 | D:9      | Found a snail-covered altar of Cheibriados.
 38377 | D:9      | Found an iron altar of Okawaru.
 38978 | D:9      | Found a staircase to the Lair.
 38991 | D:9      | Found an ancient bone altar of Kikubaaqudgha.
 39084 | D:9      | Found a white marble altar of Elyvilon.
 39084 | D:9      | Found a glowing golden altar of the Shining One.
 39088 | D:9      | Found a glowing silver altar of Zin.
 39152 | D:10     | Entered Level 10 of the Dungeon
 39426 | D:10     | Noticed Nergalle
 39428 | D:10     | Killed from afar by Nergalle

Action                   |  1- 3 |  4- 6 |  7- 9 | 10-12 || total
-------------------------+-------+-------+-------+-------++-------
Melee: Unarmed           |   182 |   462 |   679 |   304 ||  1627
  Use: Scroll            |     3 |     2 |     7 |       ||    12
 Stab: Sleeping          |     2 |     4 |     2 |     4 ||    12
